 Dungeon Crawl Stone Soup version 0.23.2-1-ga50397a (webtiles) character file.

Game seed: 6303270583591935973

29 myga the Sneak (level 3, 0/25 HPs)
             Began as an Octopode Assassin on May 13, 2019.
             Slain by an adder (2 damage)
             ... on level 2 of the Dungeon.
             The game lasted 00:05:27 (1263 turns).

myga the Sneak (Octopode Assassin)                  Turns: 1263, Time: 00:05:28

Health: 0/25       AC:  1    Str: 11    XL:     3   Next: 16%
Magic:  3/3        EV: 13    Int: 13    God:
Gold:   39         SH:  0    Dex: 13    Spells: 2/2 levels left

rFire    . . .     SeeInvis .   a - +2 dagger
rCold    . . .     Gourm    .   (no shield)
rNeg     . . .     Faith    .   (helmet restricted)
rPois    .         Spirit   .   (no amulet)
rElec    .         Reflect  .   (no ring)
rCorr    .         Harm     .   (no ring)
MR       .....                  (no ring)
Stlth    ++++......             (no ring)
HPRegen  0.08/turn              (no ring)
MPRegen  0.08/turn              (no ring)
                                (no ring)
                                (no ring)

@: no status effects
A: almost no armour, stealthy swim, amphibious, 8 rings, constrict 8, camouflage
1, gelatinous body 1
a: no special abilities


You were on level 2 of the Dungeon.
You were not hungry.

You visited 1 branch of the dungeon, and saw 2 of its levels.

You collected 39 gold pieces.

Inventory:

Hand Weapons
 a - a +2 dagger (weapon)
 b - a +0 blowgun
Missiles
 c - 7 poisoned needles
 d - 2 curare-tipped needles
 h - 2 needles of confusion
Scrolls
 e - 2 scrolls of immolation {unknown}
 i - a scroll of random uselessness {unknown}
 l - a scroll of enchant weapon {unknown}
Potions
 g - a potion of resistance
 j - a potion of berserk rage
Comestibles
 f - 4 rations


   Skills:
 + Level 2.5 Fighting
 + Level 2.2 Short Blades
 + Level 2.2 Throwing
 + Level 1.3 Dodging
 + Level 5.8 Stealth


You had 2 spell levels left.
You didn't know any spells.
Your spell library was empty.

Dungeon Overview and Level Annotations

Branches:
Dungeon (2/15)

Altars:


Innate Abilities, Weirdness & Mutations

You cannot wear most types of armour.
You are very stealthy in the water. (Stealth+)
You are amphibious.
You can wear up to eight rings at the same time.
You can use your tentacles to constrict eight enemies at once.
Your skin changes colour to match your surroundings (Stealth+).
Your rubbery body absorbs attacks. (AC +1, EV +1)


Message History

A kobold comes into view. It is wielding a +0 club.
You closely miss the adder. Your grab misses the adder.
Your squeeze misses the adder. The adder barely misses you.
The adder closely misses you.
You hit the adder. Your grab misses the adder.
The adder is moderately wounded.
The adder bites you.
The kobold throws a stone.
The stone hits you.
You see here a stone.
The adder bites you. The adder bites you. The adder bites you.
* * * LOW HITPOINT WARNING * * *
You barely miss the adder. You grab the adder.
The adder is lightly wounded.
You constrict the adder. The adder bites you.
* * * LOW HITPOINT WARNING * * *
You release your grip on the adder.
The adder closely misses you. The adder bites you.
You die...

#.........#.#########.#)####
###.........#.#########.#.....
........(.....................
###.........#K#########..#####
#.........#.# #......[##
#.........#g# #.#####..####
.............# #.......
###.#########S## # #..#####
... #@?###.####....... ..
.........#..........####
#########...........#
.............# .#...........#
##.#.####...#### #.#...
....#<.. # .######..#### #.
....


You could see an adder, a hobgoblin and a kobold.

Vanquished Creatures
  A worm (D:2)
  3 dart slugs
  A leopard gecko (D:1)
  2 giant cockroaches (D:1)
  4 hobgoblins (D:1)
  A kobold (D:1)
  A bat (D:1)
  A frilled lizard (D:1)
  2 goblins (D:1)
  3 rats (D:1)
19 creatures vanquished.

Notes
Turn   | Place    | Note
-------+----------+-------------------------------------------
     0 | D:1      | myga the Octopode Assassin began the quest for the Orb.
     0 | D:1      | Reached XP level 1. HP: 14/14 MP: 1/1
   114 | D:1      | Reached XP level 2. HP: 19/19 MP: 2/2
  1145 | D:2      | Reached XP level 3. HP: 16/25 MP: 3/3
  1263 | D:2      | Slain by an adder

Action                   || total
-------------------------++-------
Melee: Dagger            ||    44
       Constrict         ||    13
       Tentacles         ||     3
 Fire: Blowgun           ||     3
  Use: Scroll            ||     2
 Stab: Sleeping          ||     5
  Eat: Chunk             ||     1
Dodge: Dodged            ||    15
